 Dungeon Crawl Stone Soup version 0.26.0-45-g9c1d065592 (webtiles) character file.

Game seed: 11288468313298457683

(classic levelgen) 32 thiole the Sneak (level 3, 0/21 HPs)
             Began as an Octopode Hedge Wizard on Jan 28, 2021.
             Succumbed to an adder's poison
             ... on level 2 of the Dungeon.
             The game lasted 00:01:46 (1439 turns).

thiole the Sneak (Octopode Hedge Wizard)            Turns: 1439, Time: 00:01:47

Health: 0/21       AC:  1    Str:  9    XL:     3   Next: 27%
Magic:  5/7        EV: 13    Int: 17    God:
Gold:   55         SH:  0    Dex: 11    Spells: 7/8 levels left

rFire    . . .     SeeInvis .   a - +0 dagger
rCold    . . .     Faith    .   (no shield)
rNeg     . . .     Spirit   .   b - +0 hat
rPois    .         Reflect  .   (no amulet)
rElec    .         Harm     .   (no ring)
rCorr    .         Rampage  .   (no ring)
Will     .....                  (no ring)
Stlth    +++.......             (no ring)
HPRegen  0.07/turn              (no ring)
MPRegen  0.10/turn              (no ring)
                                (no ring)
                                (no ring)

@: lethally poisoned (0 -> -12), flying
A: almost no armour, stealthy swim, amphibious, 8 rings, constrict 8, camouflage
1, gelatinous body 1
a: no special abilities


You were on level 2 of the Dungeon.
You visited 1 branch of the dungeon, and saw 2 of its levels.

You collected 55 gold pieces.

Inventory:

Hand Weapons
 a - a +0 dagger (weapon)
Missiles
 e - 46 stones
 g - 13 poisoned darts (quivered)
Armour
 b - a +0 hat (worn)
Scrolls
 c - 3 scrolls of identify {unknown}
 f - a scroll of remove curse {unknown}


   Skills:
 - Level 2.0 Dodging
 + Level 3.5 Stealth
 + Level 3.2 Spellcasting
 + Level 1.6 Conjurations
 + Level 1.7 Summonings
 - Level 1.0 Translocations


You had 7 spell levels left.
You knew the following spells:

 Your Spells              Type           Power        Failure   Level
a - Magic Dart            Conj           32%          9%          1

Your spell library contained the following spells:

 Spells                   Type           Power        Failure   Level
 Call Imp                 Summ           8%           13%         2
 Blink                    Tloc           N/A          17%         2
 Slow                     Hex            2%           26%         2
 Conjure Flame            Conj/Fire      5%           36%         3
 Mephitic Cloud           Conj/Pois/Air  4%           38%         3


Dungeon Overview and Level Annotations

Branches:
Dungeon (2/15)

Altars:
Ru


Innate Abilities, Weirdness & Mutations

You cannot wear most types of armour.
You are very stealthy in the water. (Stealth+)
You are amphibious.
You can wear up to eight rings at the same time.
You can use your tentacles to constrict eight enemies at once.
Your skin changes colour to match your surroundings (Stealth+).
Your rubbery body absorbs attacks. (AC +1, EV +1)


Message History

The adder bites you.
* * * LOW HITPOINT WARNING * * *
You are lethally poisoned!
The adder poisons you! The adder bites you.
* * * LOW HITPOINT WARNING * * *
You are more poisoned.
The adder poisons you!
It was a potion of flight.
You feel very buoyant.
You fly up into the air.
* * * LOW HITPOINT WARNING * * *
You feel sick. The adder barely misses you.
Casting: Magic Dart (safe; 9% risk of failure)
Confirm with . or Enter, or press ? or * to list all spells.
Aiming: Magic Dart (safe; 9% risk of failure)
Press: ? - help, Shift-Dir - straight line, f/p - adder
Aim: an adder (heavily wounded, 0% to evade)
The magic dart hits the adder.
The adder is severely wounded.
You die...

.#......#...#.#
...#...##.#...#
##...#........#
#.#.#####.#.>#
#.#..........#
#+########.#.#
......##.#.####
#....#....#
#..######@# #
#......##S#.#
###'###...S(S#
#.....#......#
#............#
#.......######
######..###
#....## ##....#


You could see 2 adders.

Vanquished Creatures
  An adder (D:2)
  2 dart slugs
  A leopard gecko (D:2)
  3 goblins
  4 hobgoblins
  2 kobolds
  A ball python (D:2)
  2 bats (D:1)
  2 frilled lizards (D:2)
  A rat (D:1)
19 creatures vanquished.

Notes
Turn   | Place    | Note
-------+----------+-------------------------------------------
     0 | D:1      | thiole the Octopode Hedge Wizard began the quest for the
                  | Orb.
     0 | D:1      | Reached XP level 1. HP: 11/11 MP: 4/4
   368 | D:1      | Reached XP level 2. HP: 17/17 MP: 4/6
   992 | D:2      | Reached XP level 3. HP: 10/21 MP: 0/7
  1219 | D:2      | Found a sacrificial altar of Ru.
  1438 | D:2      | HP: 1/21 [poisoned by an adder]
  1439 | D:2      | Succumbed to an adder's poison

Illustrated notes

Levels and vault maps discovered:
D:1:      wander_arrival_desolate, layout_loops_cross
D:2:      layout_basic, nicolae_ru_great_annihilating_truth

Skill      XL: |  1 |
---------------+----+-----
Stealth        | 3 |  3.5
Dodging        | |  2.0
Spellcasting   | |  3.2
Conjurations   | |  1.6
Summonings     | |  1.7
Translocations | |  1.0

Action                   || total
-------------------------++-------
Melee: Dagger            ||    15
       Constrict         ||     4
       Tentacles         ||     1
Throw: Dart              ||     8
 Cast: Magic Dart        ||    46
  Use: Potion            ||     1
 Stab: Sleeping          ||     1
Armor: Skin              ||     1
Dodge: Dodged            ||    13
